 Dungeon Crawl Stone Soup version 0.18.1-5-g4a78601 (webtiles) character file.

3622 shmeve the Covert (level 9, -10/106 HPs)
             Began as a Vampire Berserker on May 12, 2016.
             Was an Elder of Trog.
             Mangled by a warg (12 damage)
             ... on level 7 of the Dungeon.
             The game lasted 00:12:21 (5395 turns).

shmeve the Covert (Vampire Berserker)               Turns: 5395, Time: 00:12:22

Health: -10/106    AC: 15    Str: 24    XL:     9   Next: 87%
Magic:  9/9        EV: 15    Int: 13    God:    Trog [****..]
Gold:   261        SH:  0    Dex: 14    Spells: 0 memorised, 8 levels left

rFire  . . .     SeeInvis +     a - +0 hand axe
rCold  + . .     Gourm    .     A - +5 ring mail of the Blessed Realm {*Confuse rPois rC+ Int+4}
rNeg   . . .     Faith    .     (no shield)
rPois  +         Spirit   .     h - +2 helmet
rElec  .         Dismiss  .     (no cloak)
rCorr  +         Reflect  .     (no gloves)
SustAt .         Harm     .     E - +0 pair of boots
MR     .....                    (no amulet)
Stlth  ..........               q - ring of poison resistance
                                l - ring of resist corrosion

@: berserking (expiring), regenerating quickly, very quick, not resistant to
hostile enchantments, extremely unstealthy
A: fangs 3, see invisible, unbreathing
a: Berserk, Trog's Hand, Brothers in Arms, Burn Spellbooks, Renounce Religion


You were on level 7 of the Dungeon.
You worshipped Trog.
Trog was greatly pleased with you.
You were very full.

You visited 1 branch of the dungeon, and saw 7 of its levels.

You collected 261 gold pieces.

Inventory:

Hand Weapons
 a - a +0 hand axe (weapon)
Armour
 h - a +2 helmet (worn)
 A - the +5 ring mail of the Blessed Realm (worn) {*Confuse rPois rC+ Int+4}
   (You found it on level 4 of the Dungeon)

   It affects your intelligence (+4).
   It protects you from cold.
   It protects you from poison.
   It may confuse you when you take damage.
 E - a +0 pair of boots (worn)
Jewellery
 f - an uncursed ring of flight
 l - a ring of resist corrosion (left hand)
 q - a ring of poison resistance (right hand)
Wands
 w - a wand of polymorph (6/24)
Scrolls
 e - 6 scrolls of identify {unknown}
 i - a scroll of fog {unknown}
 o - 3 scrolls of recharging {unknown}
 r - 2 scrolls of remove curse {unknown}
 u - 2 scrolls of amnesia {unknown}
 x - 2 scrolls of enchant armour {unknown}
 y - a scroll of fear {unknown}
 C - a scroll of enchant weapon {unknown}
 D - a scroll of teleportation {unknown}
Potions
 b - 2 potions of ambrosia {unknown}
 c - 4 potions of blood
 d - 3 potions of haste {unknown}
 g - 2 potions of invisibility {unknown}
 j - 2 potions of degeneration {unknown}
 k - 2 potions of resistance {unknown}
 m - a potion of cancellation {unknown}
 n - a potion of lignification {unknown}
 p - 4 potions of brilliance {unknown}
 s - 5 potions of curing {unknown}
 t - 2 potions of flight {unknown}
 v - a potion of might {unknown}
 z - 2 potions of heal wounds {unknown}
 B - a potion of agility {unknown}


   Skills:
 * Level 6.9 Fighting
 * Level 6.7 Axes
 + Level 4.1 Armour
 * Level 7.6 Dodging
 * Level 9.9 Stealth


You had 8 spell levels left.
You didn't know any spells.

Dungeon Overview and Level Annotations

Branches:
Dungeon (7/15)             Temple (0/1) D:4

Altars:
Cheibriados
Gozag
Makhleb
Okawaru


Innate Abilities, Weirdness & Mutations

Your natural rate of healing is unusually fast.
You have razor-sharp teeth.
You have supernaturally acute eyesight.
You can survive without breathing.


Message History

You slash the warg!
You kill the warg!
Trog accepts your kill.
You hit the warg.
The warg is severely wounded.
You hit the warg.
The warg is heavily wounded.
You barely miss the warg.
The warg is lightly wounded.
The warg misses you. x2; The warg bites you.
* * * LOW HITPOINT WARNING * * *
You barely miss the warg. You bite the warg!
You kill the warg!
Trog accepts your kill.
You hit the warg.
The warg is moderately wounded.
You hit the warg.
The warg is severely wounded.
The warg bites you!
You die...

.≈≈≈..P.# .≈≈≈....#
#+###≈≈....#
###########...#≈≈P...#
..........#oo.#≈≈....#
≈≈≈≈≈≈≈≈≈≈#####≈≈....#
≈≈≈≈≈≈≈≈≈≈≈≈≈≈≈≈≈....#
≈≈≈≈≈≈≈h≈≈≈≈≈≈≈≈≈....#
..P...h†@.......P....#
....P...h............#
######################


You could see 3 wargs.

Vanquished Creatures
  The ghost of shmeve the Chopper, a novice MiBe of Trog (D:4)
  Grinder (D:5)
  Sigmund (D:6)
  Menkaure (D:7)
  5 wargs (D:7)
  Duvessa (D:6)
  2 orc warriors (D:6)
  2 black bears
  2 ice beasts
  A phantom (D:5)
  2 sky beasts
  A centaur (D:5)
  A giant frog (D:7)
  Blork the orc (D:4)
  Dowan (D:6)
  3 scorpions
  4 wights (D:6)
  2 crimson imps (D:5)
  A centaur zombie (D:6)
  An orc priest (D:6)
  2 hounds
  4 orc wizards
  A giant frog skeleton (D:7)
  3 iguanas
  4 worker ants
  A hound skeleton (D:5)
  A worker ant zombie (D:5)
  8 adders
  2 shadow imps (D:5)
  3 oozes
  An adder skeleton (D:7)
  An adder zombie (D:7)
  2 worms
  2 dart slugs (D:1)
  6 giant geckos
  22 orcs
  A ball python (D:1)
  5 bats
  8 giant cockroaches
  8 goblins
  6 hobgoblins
  11 jackals
  7 kobolds
  3 quokkas
  A giant gecko zombie (D:5)
  5 giant newts
  A jackal zombie (D:5)
  A quokka skeleton (D:6)
  6 rats
160 creatures vanquished.

Notes
Turn   | Place    | Note
--------------------------------------------------------------
     0 | D:1      | shmeve the Vampire Berserker began the quest for the Orb.
     0 | D:1      | Reached XP level 1. HP: 17/17 MP: 1/1
   227 | D:1      | Reached XP level 2. HP: 20/23 MP: 2/2
   655 | D:1      | Reached XP level 3. HP: 26/29 MP: 3/3
   668 | D:1      | Reached ** piety under Trog
  1257 | D:2      | Reached XP level 4. HP: 33/35 MP: 4/4
  1662 | D:3      | Reached *** piety under Trog
  1676 | D:3      | Found a burning altar of Makhleb.
  2038 | D:3      | Noticed a sky beast
  2061 | D:3      | Killed a sky beast
  2061 | D:3      | Reached skill level 1 in Stealth
  2061 | D:3      | Reached XP level 5. HP: 29/42 MP: 5/5
  2196 | D:4      | Found an iron altar of Okawaru.
  2231 | D:4      | Noticed shmeve's ghost (novice MiBe)
  2265 | D:4      | Killed shmeve's ghost
  2265 | D:4      | Reached skill level 4 in Stealth
  2265 | D:4      | Reached XP level 6. HP: 5/48 MP: 6/6
  2265 | D:4      | Reached XP level 7. HP: 5/54 MP: 7/7
  2629 | D:4      | Got an encrusted ring mail
  2640 | D:4      | Identified the +5 ring mail of the Blessed Realm {*Confuse rPois rC+ Int+4} (You found it on level 4 of the Dungeon)
  2670 | D:4      | Noticed Blork the orc
  2678 | D:4      | Killed Blork the orc
  2723 | D:4      | Found an opulent altar of Gozag.
  2742 | D:4      | Found a staircase to the Ecumenical Temple.
  3080 | D:5      | Entered Level 5 of the Dungeon
  3386 | D:5      | Reached skill level 5 in Dodging
  3386 | D:5      | Reached skill level 5 in Stealth
  3697 | D:5      | Reached XP level 8. HP: 40/61 MP: 8/8
  3821 | D:5      | Reached skill level 5 in Fighting
  3821 | D:5      | Reached skill level 6 in Stealth
  3882 | D:5      | Noticed Grinder
  3898 | D:5      | Killed Grinder
  3898 | D:5      | Reached skill level 5 in Axes
  4089 | D:5      | Reached **** piety under Trog
  4089 | D:5      | Reached skill level 7 in Stealth
  4485 | D:6      | Reached skill level 8 in Stealth
  4576 | D:6      | Found a snail-covered altar of Cheibriados.
  4580 | D:6      | Noticed Sigmund
  4598 | D:6      | Killed Sigmund
  4598 | D:6      | Reached XP level 9. HP: 69/69 MP: 9/9
  4644 | D:6      | Noticed Duvessa
  4644 | D:6      | Noticed Dowan
  4658 | D:6      | Killed Duvessa
  4676 | D:6      | Killed Dowan
  5053 | D:7      | Reached skill level 9 in Stealth
  5064 | D:7      | Noticed Menkaure
  5077 | D:7      | Killed Menkaure
  5317 | D:7      | Received a gift from Trog
  5392 | D:7      | HP: 3/106 [warg (4)]
  5394 | D:7      | HP: 1/106 [warg (2)]
  5395 | D:7      | Mangled by a warg

Skill      XL: |  1  2  3  4  5  6  7  8  9 |
---------------+----------------------------+-----
Axes           | 3 4 5 6 |  6.7
Fighting       | 3 4 5 6 |  6.9
Dodging        | 3 4 5 6 7 |  7.6
Armour         | 2 3 4 |  4.1
Stealth        | 1 4 5 8 9 |  9.9

Action                   |  1- 3 |  4- 6 |  7- 9 || total
-------------------------+-------+-------+-------++-------
Melee: Hand axe          |   112 |   105 |   482 ||   699
       Bite              |     5 |    18 |    57 ||    80
Invok: Berserk           |       |     1 |     8 ||     9
       Trog's Hand       |       |       |     3 ||     3
 Stab: Distracted        |     1 |       |       ||     1
       Sleeping          |       |       |    10 ||    10
  Eat: Corpse            |    11 |     6 |    28 ||    45
Armor: Animal skin       |    23 |       |       ||    23
       Chain mail        |    18 |    48 |    24 ||    90
       Ring mail         |       |       |   234 ||   234
Dodge: Dodged            |    89 |    54 |   373 ||   516
